 Dungeon Crawl Stone Soup version 0.19-a0-1002-g674d22e (console) character file.

2004 brucemayne the Cleaver (level 9, 0/102 HPs)
             Began as a Vampire Berserker on July 18, 2016.
             Was a Believer of Trog.
             Succumbed to a killer bee's poison
             ... on level 8 of the Dungeon.
             The game lasted 00:13:52 (3303 turns).

brucemayne the Cleaver (Vampire Berserker)          Turns: 3303, Time: 00:13:53

Health: 0/102      AC: 13    Str: 24    XL:     9   Next: 2%
Magic:  9/9        EV:  7    Int: 10    God:    Trog [**....]
Gold:   349        SH:  0    Dex: 13    Spells: 0 memorised, 8 levels left

rFire  . . .     SeeInvis +     y - +0 battleaxe
rCold  . . .     Gourm    .     b - +0 plate armour
rNeg   + + .     Faith    .     (shield currently unavailable)
rPois  +         Spirit   .     (no helmet)
rElec  .         Dismiss  .     v - +0 cloak
rCorr  +         Reflect  .     m - +0 pair of gloves
SustAt .         Harm     .     (no boots)
MR     .....                    f - amulet of rage
Stlth  ..........               p - ring of poison resistance
                                C - ring of Lufiex {rCorr rN+ Stlth+}

@: berserking (expiring), lethally poisoned (0 -> -1), very quick, not resistant
to hostile enchantments, extremely unstealthy
A: fangs 3, see invisible, unbreathing
a: Bat Form, Berserk, Trog's Hand, Burn Spellbooks, Renounce Religion, Evoke
Berserk Rage


You were on level 8 of the Dungeon.
You worshipped Trog.
Trog was pleased with you.
You were not thirsty.

You visited 2 branches of the dungeon, and saw 10 of its levels.

You collected 349 gold pieces.

Inventory:

Hand Weapons
 a - a +1 hand axe
 n - a cursed +0 blowgun
 y - a +0 battleaxe (weapon)
 A - a cursed +1 dire flail of pain
Missiles
 o - 15 poisoned needles
Armour
 b - a +0 plate armour (worn)
 m - a +0 pair of gloves (worn)
 v - a +0 cloak (worn)
Jewellery
 f - an amulet of rage (around neck)
 p - a ring of poison resistance (right hand)
 q - an uncursed ring of ice
 C - the ring of Lufiex (left hand) {rCorr rN+ Stlth+}
   (You found it on level 4 of the Dungeon)

   [ring of resist corrosion]

   It protects you from negative energy.
   It makes you more stealthy.
Wands
 i - a wand of iceblast (5/15)
Scrolls
 e - a scroll of enchant armour {unknown}
 j - a scroll of identify
 t - a scroll of magic mapping
 x - a scroll of fear
Potions
 c - 12 potions of blood
 d - a potion of brilliance {unknown}
 g - a potion of lignification
 h - a potion of invisibility {unknown}
 k - 2 potions of flight
 l - 2 potions of haste {unknown}
 r - a potion of magic {unknown}
 w - a potion of curing {unknown}
 z - a potion of degeneration {unknown}


   Skills:
 - Level 5.1 Fighting
 + Level 10.0 Axes
 + Level 2.3 Armour
 - Level 2.1 Dodging


You had 8 spell levels left.
You didn't know any spells.

Dungeon Overview and Level Annotations

Branches:
Dungeon (9/15)             Temple (1/1) D:6
   Lair: D:8-11         Orc: D:9-12

Altars:
Cheibriados
Elyvilon
Fedhas
Gozag
Hepliaklqana
Kikubaaqudgha
Makhleb
Nemelex Xobeh
Okawaru
Pakellas
Qazlal
Ru
Uskayaw
Vehumet
Xom
Yredelemnul
Zin

Annotations:
D:8 exclusion: downstairs


Innate Abilities, Weirdness & Mutations

You have razor-sharp teeth.
You have supernaturally acute eyesight. (SInv)
You can survive without breathing.


Message History

You miss the killer bee.
The killer bee is severely wounded.
* * * LOW HITPOINT WARNING * * *
You feel sick.
The killer bee stings you but does no damage. x2
You closely miss the killer bee.
The killer bee is severely wounded.
The killer bee stings you but does no damage.
Your plate armour prevents you from hitting the killer bee.
The killer bee is severely wounded.
The killer bee barely misses you. The killer bee stings you.
* * * LOW HITPOINT WARNING * * *
You closely miss the killer bee. Your bite misses the killer bee.
The killer bee is severely wounded.
Your skin stops crawling.
You feel less resistant to hostile enchantments.
The killer bee stings you but does no damage.
Your plate armour prevents you from hitting the killer bee.
The killer bee is severely wounded.
You die...

.P.P......#
.##.#.#######.#
........(.#
#.##.#.........#
......#+#(#
..#.###########
#####.# #(#
#.#.# #.# #(#
#.#.# #.# #.#
...# #.# #.#
#..# #.# #.#
#.y# #.# #.# #@#
#.# #.# #.# #.#
#.# #.# #.# #.#
#.# #.# #.# #.#
#.# #.# #.#


You could see a killer bee.

Vanquished Creatures
  Grinder (D:3)
  Duvessa (D:5)
  2 phantoms
  A centaur (D:8)
  An ogre (D:6)
  4 giant frogs
  Dowan (D:5)
  A scorpion (D:5)
  The ghost of Amnesiac the Grave Robber, a weakling OgNe (D:4)
  5 wights (D:5)
  A crimson imp (D:6)
  A wasp zombie (D:6)
  2 giant frog zombies
  An orc priest (D:5)
  A jelly (D:8)
  A hound (D:5)
  5 orc wizards
  2 giant frog skeletons (D:5)
  A centaur skeleton (D:4)
  2 iguanas (D:5)
  2 worker ants
  A hound skeleton (D:7)
  A worker ant zombie (D:5)
  2 howler monkey zombies (D:5)
  6 adders
  3 shadow imps
  2 adder skeletons
  An adder zombie (D:3)
  A worm (D:5)
  3 dart slugs
  4 giant geckos
  8 orcs
  A giant cockroach (D:5)
  A goblin (D:3)
  5 hobgoblins
  8 jackals (D:2)
  2 kobolds
  3 quokkas
  2 ball pythons
  3 bats
  3 giant newts
  A jackal skeleton (D:4)
  2 quokka skeletons (D:9)
  6 rats
106 creatures vanquished.

Notes
Turn   | Place    | Note
-------+----------+-------------------------------------------
     0 | D:1      | brucemayne the Vampire Berserker began the quest for the Orb.
     0 | D:1      | Reached XP level 1. HP: 17/17 MP: 1/1
    60 | D:1      | Reached skill level 3 in Axes
   133 | D:2      | Reached XP level 2. HP: 18/23 MP: 2/2
   294 | D:2      | Reached ** piety under Trog
   355 | D:3      | Noticed Grinder
   368 | D:3      | Killed Grinder
   368 | D:3      | Reached skill level 6 in Axes
   368 | D:3      | Reached XP level 3. HP: 28/28 MP: 3/3
   368 | D:3      | Reached XP level 4. HP: 34/34 MP: 4/4
   368 | D:3      | Reached XP level 5. HP: 39/39 MP: 5/5
   473 | D:3      | Reached XP level 6. HP: 37/46 MP: 6/6
   904 | D:5      | Entered Level 5 of the Dungeon
   942 | D:5      | Reached skill level 7 in Axes
   998 | D:5      | Reached XP level 7. HP: 39/51 MP: 7/7
  1227 | D:5      | Reached skill level 8 in Axes
  1253 | D:5      | Found a radiant altar of Vehumet.
  1256 | D:5      | Noticed Duvessa
  1256 | D:5      | Noticed Dowan
  1262 | D:5      | Killed Duvessa
  1270 | D:5      | Killed Dowan
  1584 | D:6      | Reached XP level 8. HP: 41/57 MP: 8/8
  1636 | D:7      | Reached skill level 9 in Axes
  1702 | D:6      | Found a staircase to the Ecumenical Temple.
  1716 | Temple   | Entered the Ecumenical Temple
  1893 | D:6      | Found a glowing silver altar of Zin.
  2061 | D:4      | Noticed Amnesiac's ghost (weakling OgNe)
  2122 | D:4      | Killed Amnesiac's ghost
  2140 | D:4      | Got a smoking granite ring
  2145 | D:4      | Identified the ring of Lufiex {rCorr rN+ Stlth+} (You found it on level 4 of the Dungeon)
  2578 | D:7      | Reached skill level 5 in Fighting
  2667 | D:7      | Found an ancient bone altar of Kikubaaqudgha.
  2829 | D:8      | Found a basalt altar of Yredelemnul.
  2885 | D:8      | Reached skill level 10 in Axes
  3058 | D:9      | Reached XP level 9. HP: 66/68 MP: 9/9
  3297 | D:8      | HP: 2/102 [killer bee (6)]
  3303 | D:8      | Succumbed to a killer bee's poison

Vault maps used:
D:1:      minmay_arrival_stone_box
D:2:      uniq_natasha, uniq_sigmund
D:3:      first_bread, uniq_grinder
D:4:      serial_curves, eino_curves_04, eino_curves_01
D:5:      basic_altar, uniq_duvessa
D:6:      zin_academy
D:7:      nicolae_whirlpool, kennysheep_little_box
D:8:      yredelemnul_altar_generic
D:9:      evilmike_ruin_ashenzari, hiddenorc2_lemuel,
          hangedman_little_slice_of_home, minmay_checkerbox
Temple:   dpeg_five_rooms_temple

Skill      XL: |  1  2  3  4  5  6  7  8 |
---------------+-------------------------+-----
Axes           | 3 6 7 8 10 | 10.0
Fighting       | 5 |  5.1
Armour         | 2 |  2.3
Dodging        | |  2.1

Action                   |  1- 3 |  4- 6 |  7- 9 || total
-------------------------+-------+-------+-------++-------
Melee: Hand axe          |    61 |   106 |    68 ||   235
       Bite              |     8 |    13 |    29 ||    50
       Unarmed           |       |     2 |       ||     2
       Battleaxe         |       |       |   215 ||   215
Invok: Berserk           |     2 |     2 |     5 ||     9
       Trog's Hand       |     1 |     3 |     9 ||    13
 Abil: End Transformatio |       |     1 |     2 ||     3
       Bat Form          |       |     1 |     2 ||     3
  Use: Potion            |     2 |     6 |    15 ||    23
       Scroll            |       |     1 |    15 ||    16
Armor: Ring mail         |    24 |    50 |    75 ||   149
       Plate armour      |       |       |    91 ||    91
Dodge: Dodged            |    39 |    83 |   155 ||   277
